 Dungeon Crawl Stone Soup version 0.29.1-1-gd02db6906a (webtiles) character file.

Game seed: 13515593433391731302

45 gelatine the Stinger (level 3, -1/25 HPs)
             Began as a Demonspawn Venom Mage on Sept 21, 2022.
             Slain by Robin
             ... wielding a +0 spear
              (5 damage)
             ... on level 2 of the Dungeon.
             The game lasted 00:04:03 (2096 turns).

gelatine the Stinger (Demonspawn Venom Mage)        Turns: 2096, Time: 00:04:03

Health: -1/25      AC:  4    Str:  8    XL:     3   Next: 42%
Magic:  5/6        EV: 12    Int: 18    God:
Gold:   156        SH:  0    Dex: 13    Spells: 6/7 levels left

rFire   . . .      SeeInvis .   j - +4 whip
rCold   . . .      Faith    .   (no shield)
rNeg    . . .      Spirit   .   a - +0 robe
rPois   +          Reflect  .   e - +1 helmet
rElec   .          Harm     .   (no cloak)
rCorr   .          Rampage  .   (no gloves)
Will    .....                   (no boots)
Stlth   ++........              (no amulet)
HPRegen 0.08/turn               h - ring of poison resistance
MPRegen 0.10/turn               (no ring)

@: no status effects
A: weakness stinger 1, demonic touch 1
a: no special abilities


You were on level 2 of the Dungeon.
You visited 1 branch of the dungeon, and saw 2 of its levels.

You collected 156 gold pieces.

Inventory:

Hand Weapons
 f - a +0 dagger
 j - a +4 whip (weapon)
Armour
 a - a +0 robe (worn)
 e - a +1 helmet (worn)
Magical Staves
 p - a staff of poison
Jewellery
 h - a ring of poison resistance (left hand)
Scrolls
 c - a scroll of summoning {unknown}
 d - 2 scrolls of amnesia {unknown}
 k - a scroll of noise {unknown}
 l - a scroll of identify {unknown}
 m - a scroll of blinking {unknown}
 n - 2 scrolls of butterflies {unknown}
 o - a scroll of vulnerability {unknown}
 q - a scroll of torment {unknown}
Potions
 b - a potion of magic
 g - a potion of degeneration {unknown}
 i - a potion of brilliance {unknown}


   Skills:
 * Level 0.4 Fighting
 + Level 0.1 Short Blades
 * Level 1.8 Dodging
 + Level 1.8 Stealth
 + Level 2.6 Spellcasting
 + Level 1.4 Transmutations
 * Level 3.5 Poison Magic
 * Level 0.1 Evocations


You had 6 spell levels left.
You knew the following spells:

 Your Spells              Type           Power      Damage    Failure   Level
a - Sting                 Tmut/Pois      44%        1d5       6%          1

Your spell library contained the following spells:

 Spells                   Type           Power      Damage    Failure   Level
 Poisonous Vapours        Pois/Air       16%        N/A       13%         2
 Mephitic Cloud           Conj/Pois/Air  6%         N/A       32%         3
 Olgreb's Toxic Radiance  Pois           15%        N/A       36%         4


Dungeon Overview and Level Annotations

Branches:
Dungeon (2/15)

Altars:
Ashenzari

Annotations:
D:2 Robin


Innate Abilities, Weirdness & Mutations

You have a small tail.
Your touch may inflict minor irresistible damage on your foes.


Message History

The goblin attacks as you move away! The goblin barely misses you.
Robin throws the goblin at you! The goblin closely misses you.
You closely miss the goblin. The goblin misses you.
The goblin hits you with a +0 dagger.
You closely miss the goblin. You tail-slap the goblin.
The goblin is heavily wounded.
The goblin closely misses you. The goblin hits you but does no damage.
You closely miss the goblin.
Your tail-slap misses the goblin.
The goblin is heavily wounded.
The goblin hits you but does no damage. The goblin hits you with a +0 dagger.
You miss the goblin. You tail-slap the goblin.
You kill the goblin!
The goblin closely misses you.
You hit the goblin.
You kill the goblin!
The hobgoblin closely misses you.
You hit the hobgoblin but do no damage.
The hobgoblin hits you but does no damage.
You whack the hobgoblin!
You kill the hobgoblin!
You hit the endoplasm.
You touch the endoplasm.
You kill the endoplasm!
You hit the hobgoblin.
The hobgoblin is almost dead.
The hobgoblin hits you but does no damage.
Robin points. "Kill!"
Robin hits you from afar with a +0 spear.
* * * LOW HITPOINT WARNING * * *
You hit the hobgoblin.
You kill the hobgoblin!
Robin says, "My goblins will feast on your bones."
Robin misses you.
You hit the hobgoblin.
The hobgoblin is moderately wounded.
Robin hits you but does no damage.
The hobgoblin hits you but does no damage.
You hit the hobgoblin.
You kill the hobgoblin!
Robin hits you from afar with a +0 spear.
You die...

.##.## #..g....... ###..##
#..........
.##...############g.........
............................
###.........#....###........
###...#####....### ##....g..
.####)## #....## ######..#.#
..###..###.##.)###......## J
..............))@)g....##
....#......#.#########..#
##.###.......# #>......#...#
######.....#.#####
..##......##.....#####
.........#######.....###.##
#####.......#######........
#.#...#................


You could see Robin.

Vanquished Creatures
  A worm (D:2)
  2 dart slugs (D:1)
  3 endoplasms
  A giant cockroach (D:1)
  11 goblins
  8 hobgoblins
  3 kobolds (D:1)
  A ball python (D:1)
  A bat (D:1)
  A frilled lizard (D:1)
  2 rats (D:2)
34 creatures vanquished.

Notes
Turn   | Place    | Note
-------+----------+-------------------------------------------
     0 | D:1      | gelatine the Demonspawn Venom Mage began the quest for the
                  | Orb.
     0 | D:1      | Reached XP level 1. HP: 13/13 MP: 3/3
    37 | D:1      | Reached skill level 1 in Transmutations
   751 | D:1      | Discovered your monstrous ancestry.
   751 | D:1      | Gained mutation: Your touch may inflict minor irresistible
                  | damage on your foes. [demonic ancestry]
   751 | D:1      | Reached XP level 2. HP: 13/19 MP: 1/5
  1206 | D:1      | Found a faded altar of an unknown god.
  1890 | D:2      | Gained mutation: You have a small tail. [demonic ancestry]
  1890 | D:2      | Reached XP level 3. HP: 24/24 MP: 4/6
  1978 | D:2      | Found a broken altar of Ashenzari.
  2078 | D:2      | Noticed Robin
  2096 | D:2      | Slain by Robin

Illustrated notes

Levels and vault maps discovered:
D:1:      scummos_arrival_gate, layout_loops_ring,
          ebering_ecumenical_altar_abandoned
D:2:      layout_rooms, basic_altar, nrook_campfire,
          nicolae_concentric_dashed_squares_mild, uniq_robin

Skill      XL: |  1 |
---------------+----+-----
Transmutations | 1 |  1.4
Fighting       | |  0.4
Short Blades   | |  0.1
Dodging        | |  1.8
Stealth        | |  1.8
Spellcasting   | |  2.6
Poison Magic   | |  3.5
Evocations     | |  0.1

Action                   || total
-------------------------++-------
Melee: Dagger            ||    33
       Unarmed           ||    18
       Whip              ||    28
       Touch             ||     2
       Tailslap          ||     3
 Cast: Sting             ||    52
Armor: Robe              ||    28
Dodge: Dodged            ||    62
